 Dungeon Crawl Stone Soup version 0.15-a0-413-gc6111ba (webtiles) character file.

1266 4tharraofdagon the Sneak (level 8, -1/74 HPs)
             Began as a Naga Monk on May 5, 2014.
             Slain by an iguana (12 damage)
             ... on Level 8 of the Dungeon.
             The game lasted 00:10:17 (1413 turns).

4tharraofdagon the Sneak (Naga Monk)                Turns: 1413, Time: 00:10:17

HP  -1/74        AC  4     Str 16      XL: 8   Next: 40%
MP   8/8         EV 11     Int 11      God:
Gold 97          SH  0     Dex 13      Spells:  0 memorised,  7 levels left

rFire  + . .     SeeInvis +       - Unarmed
rCold  . . .     Clarity  .     a - +0 robe
rNeg   . . .     Conserve .     (no shield)
rPois  +         rCorr    .     f - +1 hat
rElec  .         rRot     .     (no cloak)
SustAb . .       Spirit   .     (no gloves)
rMut   .         Warding  .     (no barding)
Saprov . . .     Stasis   .     (no amulet)
MR     +....                    (no ring)
                                h - ring of protection from fire

@: hasted, quick, somewhat resistant to hostile enchantments, stealthy
A: spit poison, see invisible, deformed body, poison resistance, slowness 2, AC
+2
a: Spit Poison


You were on level 8 of the Dungeon.
You were not hungry.

You visited 2 branches of the dungeon, and saw 10 of its levels.

You collected 97 gold pieces.

Inventory:

Armour
 a - a +0 robe (worn)
 f - a +1 hat (worn)
Magical devices
 c - a wand of flame (9)
 m - a wand of paralysis (9)
 r - a wand of cold (9)
Comestibles
 b - a bread ration
 j - 3 meat rations
Scrolls
 d - 4 scrolls of remove curse {unknown}
 e - 6 scrolls of identify {unknown}
 g - a scroll of enchant weapon I {unknown}
 k - a scroll of random uselessness {unknown}
 l - a scroll of fog {unknown}
 q - 2 scrolls of blinking {unknown}
Jewellery
 h - a ring of protection from fire (left hand)
 i - an uncursed ring of poison resistance
Potions
 o - a potion of poison
 p - a potion of agility {unknown}


   Skills:
 + Level 5.1 Fighting
 + Level 4.3 Dodging
 + Level 7.7 Stealth
 * Level 7.3 Unarmed Combat


You had 7 spell levels left.
You didn't know any spells.

Dungeon Overview and Level Annotations

Branches:
Dungeon (9/15)             Temple (1/1) D:6
    Orc: D:9-12        Lair: D:8-11

Altars:
Dithmenos
Elyvilon
Fedhas
Kikubaaqudgha
Nemelex Xobeh
Sif Muna
Xom
Yredelemnul
Zin
The Shining One

Annotations:
D:4 Zero's ghost, experienced OgHu


Innate Abilities, Weirdness & Mutations

You cannot wear boots.
You can spit poison.
Your serpentine skin is tough (AC +2).
You have supernaturally acute eyesight.
Armour fits poorly on your strangely shaped body.
Your system is resistant to poisons.
You cover ground very slowly.


Message History

You hit the iguana.
The iguana is heavily wounded.
The iguana bites you!
* * * LOW HITPOINT WARNING * * *
You hit the iguana.
The iguana is heavily wounded.
The iguana misses you.
You barely miss the iguana.
The iguana is heavily wounded.
Drink which item? (? for menu, Esc to quit)
You feel slightly nauseous.
It was a potion of poison.
The quasit bites you but does no damage.
The quasit claws you but does no damage. x2
The iguana barely misses you. The quasit barely misses you.
The quasit misses you.
The quasit claws you but does no damage.
Unknown command.
Drink which item? (? for menu, Esc to quit)
You feel yourself speed up.
It was a potion of haste.
The iguana bites you!
You die...

##################
+.........l...<..#
#####...#####.##.#
#... ..#l##.#
.o... #.#@##.#
..##.## #.#5##.#
#. #.#...># #
#.#..#.# #......#
#.####[...#
#.........#
######..#.# #..#.#


You could see an iguana and a quasit.

Vanquished Creatures
  Pikel (D:5)
  A hungry ghost (D:8)
  An ogre (D:8)
  A scorpion (D:9)
  A killer bee (D:9)
  A big fish (D:2)
  A goliath beetle (D:8)
  2 crimson imps
  An iguana (D:7)
  A hound (D:5)
  An orc wizard (D:5)
  A worker ant (D:5)
  6 gnolls
  3 adders
  10 orcs
  4 bats
  A giant cockroach (D:4)
  9 goblins
  11 hobgoblins
  6 jackals (D:5)
  4 giant newts
  8 kobolds
  An orc skeleton (D:8)
  A rat skeleton (D:7)
77 creatures vanquished.

Vanquished Creatures (others)
  A slave (D:5)
  A crimson imp (D:5)
  An ogre skeleton (D:5)
  A gnoll (D:5)
  A giant eyeball (D:5)
  2 orcs (D:5)
  A bat (D:5)
  A giant gecko (D:5)
9 creatures vanquished.

Grand Total: 86 creatures vanquished

Notes
Turn   | Place    | Note
--------------------------------------------------------------
     0 | D:1      | 4tharraofdagon, the Naga Monk, began the quest for the Orb.
     0 | D:1      | Reached XP level 1. HP: 21/21 MP: 1/1
    48 | D:2      | Found a white marble altar of Elyvilon.
    52 | D:2      | Noticed a big fish
    72 | D:2      | Killed a big fish
    72 | D:2      | Reached XP level 2. HP: 17/28 MP: 2/2
    72 | D:2      | Reached XP level 3. HP: 20/34 MP: 3/3
   188 | D:4      | Reached XP level 4. HP: 29/42 MP: 4/4
   348 | D:4      | Reached skill level 5 in Unarmed Combat
   360 | D:4      | Reached XP level 5. HP: 4/49 MP: 5/5
   466 | D:5      | Entered Level 5 of the Dungeon
   563 | D:4      | Noticed a giant frog
   610 | D:4      | Noticed Zero's ghost (experienced OgHu)
   694 | D:5      | Noticed a slave
   694 | D:5      | Noticed a slave
   708 | D:5      | Reached skill level 5 in Stealth
   726 | D:5      | Noticed a slave
   727 | D:5      | Noticed Pikel
   728 | D:5      | Noticed a slave
   747 | D:5      | Killed Pikel
   747 | D:5      | Reached skill level 6 in Stealth
   747 | D:5      | Reached XP level 6. HP: 35/58 MP: 6/6
   747 | D:5      | Reached XP level 7. HP: 39/66 MP: 7/7
   917 | D:5      | Killed a freed slave
   963 | D:6      | Found a staircase to the Ecumenical Temple.
   977 | Temple   | Entered the Ecumenical Temple
  1154 | D:8      | Noticed a hungry ghost
  1206 | D:8      | Killed a hungry ghost
  1206 | D:8      | Reached skill level 7 in Stealth
  1206 | D:8      | Reached XP level 8. HP: 23/73 MP: 8/8
  1231 | D:8      | Reached skill level 5 in Fighting
  1361 | D:9      | Found a shadowy altar of Dithmenos.
  1413 | D:8      | Slain by an iguana

Action                   |  1- 3 |  4- 6 |  7- 9 || total
-------------------------+-------+-------+-------++-------
Melee: Unarmed           |    18 |    84 |   140 ||   242
 Abil: Spit Poison       |    11 |    24 |    19 ||    54
Evoke: Wand              |       |       |     7 ||     7
  Use: Potion            |     1 |     3 |     2 ||     6
 Stab: Sleeping          |       |     3 |     1 ||     4
       Paralysed         |       |       |     5 ||     5

Vault maps used:
D:1:      minmay_arrival_hallway, minivault_27, dk_noncrumbling_4
D:2:      elyvilon_altar_2, first_bread, minmay_misc_feat_doors
D:3:      kennysheep_six_static_rooms,
          grunt_temple_overflow_lords_of_destruction
D:4:      corexii_shantytown, grunt_ministairs_3, min_item_tele_traps,
          st_stairs_4
D:5:      uniq_pikel
D:6:      grunt_temple_overflow_bloody_war, cheibrodos_ashenzari_chains,
          minmay_temple_entry_purple_smoke, serial_shops, shop, basic_altar,
          guppyfry_early_elven_hall
D:7:      serial_shops, nicolae_shop_waterfront, grunt_livestock,
          grunt_dithmenos_smoke, uniq_eustachio, uniq_menkaure, uniq_edmund
D:8:      kennysheep_boxes
D:9:      grunt_temple_overflow_open, minmay_curled_crystal
Temple:   nicolae_temple_figure_zero
